 Dungeon Crawl Stone Soup version 0.20.1-1-g8b1a95d (webtiles) character file.

4 tidbits the Insei (level 1, 4/16 HPs)
             Began as a Demigod Transmuter on Aug 11, 2017.
             Quit the game on level 2 of the Dungeon.
             The game lasted 00:01:31 (178 turns).

tidbits the Insei (Demigod Transmuter)               Turns: 178, Time: 00:01:33

Health: 4/16       AC:  2    Str: 13    XL:     1   Next: 46%
Magic:  5/5        EV: 12    Int: 17    God:
Gold:   16         SH:  0    Dex: 16    Spells: 2/3 levels left

rFire    . . .     SeeInvis .   e - -3 dagger (curse)
rCold    . . .     Gourm    .   (no shield)
rNeg     . . .     Faith    .   b - +0 robe
rPois    .         Spirit   .   (no helmet)
rElec    .         Reflect  .   (no cloak)
rCorr    .         Harm     .   (no gloves)
MR       .....                  (no boots)
Stlth    +.........             (no amulet)
Regen    0.1/turn               (no ring)
MPRegen  0.1/turn               (no ring)

@: no status effects
A: high mp 1
a: no special abilities


You were on level 2 of the Dungeon.
You were not hungry.

You visited 1 branch of the dungeon, and saw 2 of its levels.

You collected 16 gold pieces.

Inventory:

Hand Weapons
 e - a cursed -3 dagger (weapon)
Missiles
 a - 12 arrows
Armour
 b - a +0 robe (worn)
Potions
 g - a potion of might {unknown}
 h - a potion of ambrosia {unknown}
Books
 c - a book of Changes

   Spells                             Type                      Level
   a - Beastly Appendage              Transmutation                1
   b - Sticks to Snakes               Transmutation                2
   c - Spider Form                    Transmutation/Poison         3
   d - Ice Form                       Ice/Transmutation            4
   e - Blade Hands                    Transmutation                5
Comestibles
 d - a bread ration


   Skills:
 + Level 1.0 Fighting
 - Level 1.7 Dodging
 - Level 3.0 Unarmed Combat
 - Level 1.7 Spellcasting
 - Level 1.7 Transmutations


You had 2 spell levels left.
You knew the following spells:

 Your Spells              Type           Power        Failure   Level  Hunger
e - Beastly Appendage     Tmut           #.....       10%         1    #......


Dungeon Overview and Level Annotations

Branches:
Dungeon (2/15)


Innate Abilities, Weirdness & Mutations

You have an increased reservoir of magic. (+10% MP)


Message History

You see here a rat corpse.
f - 3 javelins (gained 1)
You now have 16 gold pieces (gained 9).
You open the door.
There is an open door here.
There is a stone staircase leading down here.
You climb downwards.
A rat comes into view.
Found a smoky silvery potion.
There is a stone staircase leading up here.
Throwing (i - inventory):
f - 3 javelins (quivered)
Press: ? - help, Shift-Dir - straight line, f - rat
Aim: a rat (resting)
You throw a javelin. The javelin hits the rat.
You kill the rat!
Your Unarmed Combat skill increases to level 3!
Found a purple potion.
f - 3 javelins (gained 1)
h - a smoky silvery potion
Okay, then.
Found 32 arrows.
Found a scroll labeled XUM BYITOKKYO.
Found a fuming green potion and a buckler.
A leopard gecko comes into view.
You see here a purple potion.
Throwing (i - inventory):
f - 3 javelins (quivered)
Press: ? - help, Shift-Dir - straight line, f - leopard gecko
Aim: a leopard gecko (clinging, resting)
You throw a javelin. The javelin hits the leopard gecko.
The leopard gecko hisses angrily.
The leopard gecko is severely wounded.
Throwing (i - inventory):
f - 2 javelins (quivered)
Press: ? - help, Shift-Dir - straight line, f/p - leopard gecko
Aim: a leopard gecko (severely wounded, clinging)
You throw a javelin.
The javelin barely misses the leopard gecko.
The leopard gecko bites you but does no damage.
The leopard gecko closely misses you.
Throwing (i - inventory):
f - a javelin (quivered)
Press: ? - help, Shift-Dir - straight line, f/p - leopard gecko
Aim: a leopard gecko (severely wounded, clinging)
You throw a javelin.
The javelin barely misses the leopard gecko.
The leopard gecko barely misses you.
The leopard gecko hisses menacingly.
The leopard gecko bites you.
Firing (i - inventory): No suitable missiles.
Press: ? - help, Shift-Dir - straight line, f/p - leopard gecko
Aim: a leopard gecko (severely wounded, clinging)
Okay, then.
Firing (i - inventory): No suitable missiles.
Press: ? - help, Shift-Dir - straight line, f/p - leopard gecko
Aim: a leopard gecko (severely wounded, clinging)
Okay, then.
Firing (i - inventory): No suitable missiles.
Press: ? - help, Shift-Dir - straight line, f/p - leopard gecko
Aim: a leopard gecko (severely wounded, clinging)
Okay, then.
Firing (i - inventory): No suitable missiles.
Press: ? - help, Shift-Dir - straight line, f/p - leopard gecko
Aim: a leopard gecko (severely wounded, clinging)
Okay, then.
Unknown command.
You hit the leopard gecko but do no damage.
The leopard gecko is severely wounded.
The leopard gecko barely misses you.
You miss the leopard gecko.
The leopard gecko is severely wounded.
The leopard gecko barely misses you.
You barely miss the leopard gecko.
The leopard gecko is severely wounded.
The leopard gecko closely misses you.
You closely miss the leopard gecko.
The leopard gecko is severely wounded.
The leopard gecko barely misses you.
You closely miss the leopard gecko.
The leopard gecko is severely wounded.
The leopard gecko bites you.
* * * LOW HITPOINT WARNING * * *
The leopard gecko hisses menacingly.
The leopard gecko bites you.
* * * LOW HITPOINT WARNING * * *
You barely miss the leopard gecko.
The leopard gecko is severely wounded.
The leopard gecko closely misses you.
You closely miss the leopard gecko.
The leopard gecko is severely wounded.
The leopard gecko misses you.
You closely miss the leopard gecko.
The leopard gecko is severely wounded.
The leopard gecko closely misses you.
You hit the leopard gecko but do no damage.
The leopard gecko is severely wounded.
The leopard gecko closely misses you.
You miss the leopard gecko.
The leopard gecko is severely wounded.
The leopard gecko bites you.
* * * LOW HITPOINT WARNING * * *
The leopard gecko barely misses you.
Are you sure you want to abandon this character and quit the game? (Confirm with "yes".)

########.#
#........#
#........
###.......##
.......(..#
#[.?...!.+
#.......#
#...@.#
#.#.#l..#
####...#...#
#.....##(..#
+.....+ ...#
#.....# .###
#.....# .#
#.....# ..
#..<..#


You could see a leopard gecko.

Vanquished Creatures
  A bat (D:1)
  2 frilled lizards (D:1)
  A goblin (D:1)
  3 rats
7 creatures vanquished.

Notes
Turn   | Place    | Note
-------+----------+-------------------------------------------
     0 | D:1      | tidbits the Demigod Transmuter began the quest for the Orb.
     0 | D:1      | Reached XP level 1. HP: 15/15 MP: 5/5
    53 | D:1      | Reached skill level 1 in Fighting
   140 | D:2      | Reached skill level 3 in Unarmed Combat
   178 | D:2      | Quit the game

Skill      XL: |  1 |
---------------+----+-----
Fighting       | 1 |  1.0
Unarmed Combat | 3 |  3.0
Dodging        | |  1.7
Spellcasting   | |  1.7
Transmutations | |  1.7

Action                   || total
-------------------------++-------
Melee: Dagger            ||    12
       Headbutt          ||     2
Throw: Javelin           ||    12
 Cast: Beastly Appendage ||     1
Armor: Robe              ||     1
Dodge: Dodged            ||    11

Table legend:
 A = Turns spent in this place as a percentage of turns spent in the entire game.
 B = Non-inter-level travel turns spent in this place as a percentage of non-inter-level travel turns spent in the entire game.
 C = Inter-level travel turns spent in this place as a percentage of turns spent in this place.
 D = Turns resting spent in this place as a percentage of non-inter-level travel turns spent in this place.
 E = Turns spent auto-exploring this place as a percentage of non-inter-level travel turns spent in this place.
 F = Non-inter-level travel turns spent in this place divided by the number of levels of this place that you've seen.
                   A       B       C       D       E      F
               +-------+-------+-------+-------+-------+----------------------
         Total | 100.0 | 100.0 |   0.0 |   0.0 |   0.0 |  89.5
       Dungeon | 100.0 | 100.0 |   0.0 |   0.0 |   0.0 |  89.5
               +-------+-------+-------+-------+-------+----------------------

Table legend:
 A = Kills in this place as a percentage of kills in entire the game.
 B = Kills by you in this place as a percentage of kills by you in the entire game.
 C = Kills by friends in this place as a percentage of kills by friends in the entire game.
 D = Other kills in this place as a percentage of other kills in the entire game.
 E = Experience gained in this place as a percentage of experience gained in the entire game.
 F = Experience gained in this place divided by the number of levels of this place that you have seen.
                   A       B       C       D       E      F
               +-------+-------+-------+-------+-------+----------------------
         Total | 100.0 | 100.0 |  -nan |  -nan | 100.0 |   3.5
       Dungeon | 100.0 | 100.0 |  -nan |  -nan | 100.0 |   3.5
               +-------+-------+-------+-------+-------+----------------------

Vault maps used:
D:1:      lemuel_arrival_broad_hall
D:2:      old_standard_altar, okawaru_altar_gauntlet_db
